 Dungeon Crawl Stone Soup version 0.29.0-4-gdea44cf6ec (webtiles) character file.

Game seed: 14202593538266782669

2562 qw the Cleaver (level 9, -1/54 HPs)
             Began as a Tengu Warper on Aug 28, 2022.
             Slain by Amaemon
             ... wielding a -1 demon whip of venom
              (2 damage)
             ... on level 8 of the Dungeon.
             The game lasted 00:00:55 (8610 turns).

qw the Cleaver (Tengu Warper)                       Turns: 8610, Time: 00:00:55

Health: -1/54      AC: 14    Str: 19    XL:     9   Next: 56%
Magic:  13/13      EV: 10    Int: 14    God:
Gold:   224        SH:  0    Dex: 12    Spells: 12/12 levels left

rFire   . . .      SeeInvis .   Y - +0 war axe
rCold   . . .      Faith    .   (no shield)
rNeg    . . .      Spirit   .   f - +2 chain mail {rPois}
rPois   +          Reflect  .   h - +0 hat {Will+}
rElec   .          Harm     .   o - +2 cloak
rCorr   .          Rampage  .   (no gloves)
Will    ++...                   (boots unavailable)
Stlth   ..........              (no amulet)
HPRegen 0.18/turn               (no ring)
MPRegen 0.13/turn               (no ring)

@: about to teleport, flying quickly and evasively, slowed, very slow
A: beak, talons 3, nimble flight, strong-willed 1, passive freeze, strong 1
a: no special abilities


You were on level 8 of the Dungeon.
You visited 2 branches of the dungeon, and saw 9 of its levels.
You also visited: Sewer and Ossuary.

You collected 456 gold pieces.
You spent 232 gold pieces at shops.


Innate Abilities, Weirdness & Mutations

You have a beak for a mouth.
You have claws for feet.
Your magical nature lets you fly swiftly and evasively.
You are strong-willed. (Will+)
A frigid envelope surrounds you and freezes all who hurt you.
Your muscles are strong. (Str +4, Int/Dex -1)


   Skills:
 - Level 5.1 Fighting
 - Level 11.4 Axes
 + Level 2.7 Throwing
 - Level 4.2 Armour
 - Level 3.7 Dodging
 - Level 2.0 Spellcasting
 - Level 2.4 Translocations


You had 12 spell levels left.
You didn't know any spells.
Your spell library contained the following spells:

 Spells                   Type           Power      Damage    Failure   Level
 Blink                    Tloc           16%        N/A       83%         2
 Gell's Gravitas          Tloc           8%         N/A       96%         3
 Lesser Beckoning         Tloc           8%         N/A       96%         3
 Teleport Other           Tloc           8%         N/A       96%         3
 Manifold Assault         Tloc           8%         N/A       100%        5

Inventory:

Hand Weapons
 a - a +0 flail
 Y - a +0 war axe (weapon)
Missiles
 b - 3 boomerangs (quivered)
 l - a javelin
Armour
 f - a +2 chain mail of poison resistance (worn)
 h - a +0 hat of willpower (worn)
 i - a +0 plate armour
 o - a +2 cloak (worn)
Scrolls
 d - 3 scrolls of identify
 j - 2 scrolls of teleportation
Potions
 c - a potion of mutation
 e - 3 potions of curing
 g - a potion of might
 k - a potion of haste
 m - a potion of heal wounds

Dungeon Overview and Level Annotations

Branches:
Dungeon (8/15)             Temple (1/1) D:7           Sewer (visited)
Ossuary (visited)
   Lair: D:8-11

Altars:
Ashenzari
Cheibriados
Dithmenos
Elyvilon
Gozag
Kikubaaqudgha
Makhleb
Nemelex Xobeh
Qazlal
Ru
Trog
Uskayaw
Vehumet
Wu Jian
Xom
Zin
The Shining One

Shops:
D:4 *   D:6 *

Annotations:
D:2 Sigmund
D:3 3 runed translucent doors, qw's ghost, amateur TeWr
D:8 Amaemon


Message History

The orange demon seems to grow toxic.
You slash the orange demon!
You peck the orange demon, but do no damage.
The orange demon is lightly wounded.
You completely miss the orange demon.
You peck the orange demon, but do no damage.
The orange demon is lightly wounded.
You closely miss Amaemon. The orange demon stings you from afar!
You have difficulty breathing.
You feel yourself slow down.
You barely miss Amaemon. Your peck misses Amaemon.
The orange demon stings you but does no damage.
Amaemon hits you but does no damage.
Amaemon is very cold.
Amaemon is lightly wounded.
Amaemon barely misses you.
Amaemon tail-slaps you but does no damage.
Amaemon is very cold.
Amaemon is lightly wounded.
The orange demon closely misses you. Amaemon barely misses you.
Amaemon claws you but does no damage.
Amaemon is very cold.
Amaemon is moderately wounded.
Amaemon tail-slaps you.
Amaemon is very cold.
Amaemon is moderately wounded.
You hit Amaemon but do no damage. Your peck misses Amaemon.
Amaemon is moderately wounded.
Amaemon hits you with a -1 demon whip of venom!
Amaemon is very cold.
Amaemon is moderately wounded.
Amaemon claws you!
Amaemon is very cold.
Amaemon is heavily wounded.
Amaemon tail-slaps you but does no damage.
Amaemon is very cold.
Amaemon is heavily wounded.
The orange demon stings you from afar.
8610 ||| READING 3 scrolls of teleportation.
As you read the scroll of teleportation, it crumbles to dust.
You feel strangely unstable.
The orange demon stings you but does no damage.
Amaemon barely misses you. Amaemon misses you. Amaemon tail-slaps you.
You die...

## #.. ...
#.####...# ##
#.......... #.#
#.~.~~~~~.~.
#.#.###.~.......¤.
#.6@...~.~...~.¤¤
#.4?##..~.~._.~.¤¤
.......
#.¤¤¤~...~.¤¤
#####.#
##.¤.¤¤....¤. #.
#.~.~¤~~~.~. #.
#....¤...... #
#.#######... #.#
#.########


You could see Amaemon and an orange demon (curare).

Vanquished Creatures
  2 steam dragons
  A water moccasin (D:7)
  A sky beast (D:7)
  A black bear (D:5)
  An orc warrior (D:7)
  A centaur (D:5)
  A phantom (D:4)
  2 kobold brigands
  2 bullfrogs (D:7)
  2 scorpions
  3 necrophages
  6 killer bees (D:7)
  A centaur zombie (Ossuary)
  2 jellies
  3 hounds
  3 orc priests
  2 iguanas (D:5)
  Natasha (thrice) (D:3)
  A human zombie (Ossuary)
  A hell rat (Sewer)
  5 orc wizards
  2 mummies (Ossuary)
  4 gnolls (D:5)
  10 adders
  A river rat (D:4)
  2 white imps
  An adder zombie (Ossuary)
  A worm (D:4)
  4 dart slugs
  31 orcs
  9 bats
  2 endoplasms (D:4)
  7 giant cockroaches
  10 goblins
  7 hobgoblins
  9 kobolds
  6 quokkas
  6 ball pythons
  5 frilled lizards
  A goblin zombie (Ossuary)
  13 hobgoblin zombies (Ossuary)
  2 jackal zombies (Ossuary)
  8 kobold zombies (Ossuary)
  6 orc zombies (Ossuary)
  8 rats
  4 rat zombies (Ossuary)
  A spectral goblin (D:3)
204 creatures vanquished.

Vanquished Creatures (others)
  A plant (D:7)
1 creature vanquished.

Grand Total: 205 creatures vanquished

Notes
Turn   | Place    | Note
-------+----------+-------------------------------------------
     0 | D:1      | qw the Tengu Warper began the quest for the Orb.
     0 | D:1      | Reached XP level 1. HP: 12/12 MP: 4/4
     0 | D:1      | 0 ||| qw: Version: 0.1-a-89-g26bdef1
     0 | D:1      | 0 ||| qw: Game counter: 681
     0 | D:1      | 0 ||| qw: Always use a shield: true
     0 | D:1      | 0 ||| qw: God list: Okawaru
     0 | D:1      | 0 ||| qw: Allow faded altars: false
     0 | D:1      | 0 ||| qw: Do Orc after D:15 true
     0 | D:1      | 0 ||| qw: Do second Lair branch before Depths: true
     0 | D:1      | 0 ||| qw: Lair rune preference: random
     0 | D:1      | 0 ||| qw: Plans: Normal
     0 | D:1      | 0 ||| PLANNING D:1-11
   114 | D:1      | 114 ||| Stepping ~*~*~tactically~*~*~ (hiding).
   214 | D:1      | Reached skill level 3 in Axes
   214 | D:1      | Reached XP level 2. HP: 16/17 MP: 6/6
   235 | D:1      | 235 ||| Stepping ~*~*~tactically~*~*~ (stealth).
   297 | D:1      | 297 ||| Stepping ~*~*~tactically~*~*~ (stealth).
   298 | D:1      | 298 ||| Stepping ~*~*~tactically~*~*~ (stealth).
   350 | D:1      | 350 ||| Stepping ~*~*~tactically~*~*~ (stealth).
   394 | D:1      | 394 ||| Stepping ~*~*~tactically~*~*~ (stealth).
   422 | D:1      | 422 ||| Stepping ~*~*~tactically~*~*~ (stealth).
   434 | D:1      | 434 ||| Stepping ~*~*~tactically~*~*~ (stealth).
   436 | D:1      | 436 ||| Stepping ~*~*~tactically~*~*~ (stealth).
   438 | D:1      | 438 ||| Stepping ~*~*~tactically~*~*~ (hiding).
   725 | D:1      | 725 ||| UPGRADING to +2 cloak.
   730 | D:1      | 730 ||| READING scroll labelled BUAGAFOJEJ.
   731 | D:1      | 731 ||| READING scroll labelled AGGODUVVIE.
   732 | D:1      | 732 ||| READING scroll labelled VEERUA OS WOOH.
   737 | D:1      | 737 ||| DROPPING scroll of blinking.
   780 | D:2      | Reached XP level 3. HP: 21/21 MP: 7/7
   783 | D:2      | 783 ||| Stepping ~*~*~tactically~*~*~ (hiding).
   815 | D:2      | 815 ||| Stepping ~*~*~tactically~*~*~ (hiding).
   944 | D:2      | Reached skill level 4 in Axes
   947 | D:2      | 947 ||| Stepping ~*~*~tactically~*~*~ (stealth).
   949 | D:2      | 949 ||| Stepping ~*~*~tactically~*~*~ (stealth).
   952 | D:2      | 952 ||| Stepping ~*~*~tactically~*~*~ (stealth).
   954 | D:2      | 954 ||| Stepping ~*~*~tactically~*~*~ (stealth).
   956 | D:2      | 956 ||| Stepping ~*~*~tactically~*~*~ (stealth).
   958 | D:2      | 958 ||| Stepping ~*~*~tactically~*~*~ (stealth).
   992 | D:2      | Reached XP level 4. HP: 26/26 MP: 8/8
  1011 | D:2      | 1011 ||| DROPPING +0 club.
  1441 | D:2      | Reached skill level 5 in Axes
  1668 | D:2      | 1668 ||| UPGRADING to +0 chain mail.
  1678 | D:2      | 1678 ||| DROPPING +0 leather armour.
  1679 | D:2      | 1679 ||| DROPPING ring of magical power.
  1680 | D:2      | 1680 ||| READING scroll labelled RUUDATREASU.
  1681 | D:2      | 1681 ||| READING scroll labelled UGUSI CONIBB.
  1682 | D:2      | 1682 ||| READING scroll labelled HUON DEUCRUASU.
  1683 | D:2      | 1683 ||| DRINKING 3 lumpy ruby potions.
  1684 | D:2      | 1684 ||| DRINKING 2 glowing clear potions.
  1785 | D:2      | 1785 ||| DROPPING 2 potions of flight.
  1786 | D:2      | 1786 ||| DROPPING potion of ambrosia.
  1808 | D:3      | Noticed Sigmund
  1810 | D:3      | Noticed Natasha
  1811 | D:3      | 1811 ||| STAIRDANCE
  1814 | D:2      | HP: 1/26 [Sigmund/+0 antimagic scythe (9)]
  1815 | D:2      | 1815 ||| READING scroll of teleportation.
  1918 | D:2      | 1918 ||| Invisible monster not found???
  2148 | D:3      | Found a stormy altar of Qazlal.
  2174 | D:3      | Found a runed translucent gate.
  2175 | D:3      | Found a runed translucent gate.
  2175 | D:3      | Found a runed translucent gate.
  2176 | D:3      | Noticed qw's ghost (amateur TeWr)
  2266 | D:3      | 2266 ||| Stepping ~*~*~tactically~*~*~ (stealth).
  2267 | D:3      | 2267 ||| Stepping ~*~*~tactically~*~*~ (stealth).
  2268 | D:3      | 2268 ||| Stepping ~*~*~tactically~*~*~ (stealth).
  2274 | D:3      | Killed Natasha
  2275 | D:3      | Gained mutation: Your magical nature lets you fly swiftly
                  | and evasively. [Tengu growth]
  2275 | D:3      | Reached XP level 5. HP: 30/30 MP: 9/9
  2297 | D:3      | Found a faded altar of an unknown god.
  2413 | D:3      | Noticed Natasha
  2414 | D:3      | 2414 ||| Stepping ~*~*~tactically~*~*~ (hiding).
  2415 | D:3      | 2415 ||| Stepping ~*~*~tactically~*~*~ (hiding).
  2417 | D:3      | 2417 ||| Stepping ~*~*~tactically~*~*~ (hiding).
  2418 | D:3      | 2418 ||| Stepping ~*~*~tactically~*~*~ (hiding).
  2419 | D:3      | 2419 ||| Stepping ~*~*~tactically~*~*~ (hiding).
  2428 | D:3      | Killed Natasha
  2526 | D:3      | Noticed Natasha
  2527 | D:3      | 2527 ||| Stepping ~*~*~tactically~*~*~ (hiding).
  2528 | D:3      | 2528 ||| Stepping ~*~*~tactically~*~*~ (hiding).
  2539 | D:3      | Reached skill level 6 in Axes
  2541 | D:3      | Killed Natasha
  2623 | D:3      | 2623 ||| DROPPING scarf of invisibility.
  2624 | D:3      | 2624 ||| DRINKING 2 lumpy orange potions.
  2635 | D:4      | 2635 ||| PLANNING SEWER
  2693 | D:4      | 2693 ||| Stepping ~*~*~tactically~*~*~ (stealth).
  2695 | D:4      | 2695 ||| Stepping ~*~*~tactically~*~*~ (stealth).
  2707 | D:4      | Reached XP level 6. HP: 26/35 MP: 10/10
  2813 | D:4      | Found a glowing drain.
  2818 | Sewer    | Entered a sewer
  2843 | Sewer    | 2843 ||| Stepping ~*~*~tactically~*~*~ (stealth).
  2922 | Sewer    | 2922 ||| Stepping ~*~*~tactically~*~*~ (stealth).
  2941 | Sewer    | 2941 ||| Stepping ~*~*~tactically~*~*~ (stealth).
  2942 | Sewer    | 2942 ||| Stepping ~*~*~tactically~*~*~ (stealth).
  3097 | Sewer    | 3097 ||| READING scroll labelled CEDIUCKULU.
  3098 | Sewer    | 3098 ||| DRINKING 2 sedimented orange potions.
  3098 | Sewer    | Gained mutation: Your muscles are strong. (Str +4, Int/Dex
                  | -1) [potion of mutation]
  3098 | Sewer    | Gained mutation: You are strong-willed. (Will+) [potion of
                  | mutation]
  3098 | Sewer    | Gained mutation: A frigid envelope surrounds you and
                  | freezes all who hurt you. [potion of mutation]
  3099 | Sewer    | 3099 ||| DRINKING 2 glowing golden potions.
  3100 | Sewer    | 3100 ||| DRINKING 2 fuming pink potions.
  3101 | Sewer    | 3101 ||| READING 4 scrolls of identify.
  3101 | Sewer    | 3101 ||| IDENTIFYING metallic emerald potion
  3102 | Sewer    | 3102 ||| DROPPING potion of magic.
  3103 | Sewer    | 3103 ||| DROPPING potion of degeneration.
  3111 | D:4      | 3111 ||| PLANNING D:1-11
  3332 | D:4      | 3332 ||| STAIRDANCE
  3364 | D:3      | 3364 ||| READING 3 scrolls of identify.
  3364 | D:3      | 3364 ||| IDENTIFYING red potion
  3365 | D:3      | 3365 ||| DROPPING potion of invisibility.
  3536 | D:4      | 3536 ||| Stepping ~*~*~tactically~*~*~ (stealth).
  3546 | D:4      | Reached skill level 7 in Axes
  3589 | D:4      | 3589 ||| Stepping ~*~*~tactically~*~*~ (stealth).
  3591 | D:4      | 3591 ||| Stepping ~*~*~tactically~*~*~ (stealth).
  3710 | D:4      | Reached skill level 3 in Fighting
  3974 | D:4      | 3974 ||| Stepping ~*~*~tactically~*~*~ (stealth).
  4005 | D:4      | Reached XP level 7. HP: 41/41 MP: 11/11
  4068 | D:4      | Found Jud Ammi's Assorted Antiques.
  4111 | D:4      | 4111 ||| Stepping ~*~*~tactically~*~*~ (hiding).
  4436 | D:4      | 4436 ||| Stepping ~*~*~tactically~*~*~ (stealth).
  4539 | D:4      | 4539 ||| BUYING glowing chain mail (232 gold).
  4539 | D:4      | Bought a glowing chain mail for 232 gold pieces
  4539 | D:4      | 4539 ||| SHOPLISTING scroll labelled KIETAS UPTE (31 gold,
                  | have 28).
  4539 | D:4      | 4539 ||| SHOPLISTING scroll labelled WUCOEZ PISUPRY (31
                  | gold, have 28).
  4742 | D:4      | 4742 ||| UPGRADING to +2 chain mail of poison resistance.
  4752 | D:4      | 4752 ||| DROPPING +0 chain mail.
  4831 | D:5      | Entered Level 5 of the Dungeon
  4880 | D:5      | 4880 ||| Stepping ~*~*~tactically~*~*~ (hiding).
  4882 | D:5      | 4882 ||| Stepping ~*~*~tactically~*~*~ (hiding).
  4883 | D:5      | 4883 ||| Stepping ~*~*~tactically~*~*~ (hiding).
  4884 | D:5      | 4884 ||| Stepping ~*~*~tactically~*~*~ (hiding).
  4890 | D:5      | 4890 ||| Stepping ~*~*~tactically~*~*~ (stealth).
  4899 | D:5      | 4899 ||| Stepping ~*~*~tactically~*~*~ (stealth).
  4900 | D:5      | 4900 ||| Stepping ~*~*~tactically~*~*~ (hiding).
  5064 | D:5      | Reached skill level 8 in Axes
  5071 | D:5      | 5071 ||| Stepping ~*~*~tactically~*~*~ (hiding).
  5153 | D:5      | 5153 ||| Stepping ~*~*~tactically~*~*~ (stealth).
  5160 | D:5      | Reached skill level 3 in Armour
  5199 | D:5      | 5199 ||| Stepping ~*~*~tactically~*~*~ (hiding).
  5200 | D:5      | 5200 ||| Stepping ~*~*~tactically~*~*~ (hiding).
  5201 | D:5      | 5201 ||| Stepping ~*~*~tactically~*~*~ (hiding).
  5202 | D:5      | 5202 ||| Stepping ~*~*~tactically~*~*~ (hiding).
  5205 | D:5      | HP: 10/41 [centaur/arrow (5)]
  5206 | D:5      | 5206 ||| DRINKING potion of heal wounds.
  5371 | D:5      | Found a sparkling altar of Nemelex Xobeh.
  5547 | D:5      | Reached XP level 8. HP: 44/46 MP: 12/12
  5576 | D:5      | 5576 ||| UPGRADING to +0 hat of willpower.
  5581 | D:5      | 5581 ||| DRINKING 2 bubbling coppery potions.
  5582 | D:5      | 5582 ||| DROPPING potion of attraction.
  5790 | D:6      | Reached skill level 9 in Axes
  5827 | D:6      | 5827 ||| SWAPPING to +0 war axe.
  5831 | D:6      | 5831 ||| DROPPING +1 hand axe.
  5902 | D:6      | Found Fepioc's Neck Hole.
  5910 | D:6      | 5910 ||| SHOPLISTING amulet of guardian spirit (450 gold,
                  | have 79).
  5910 | D:6      | 5910 ||| SHOPLISTING amulet of reflection (450 gold, have
                  | 79).
  6102 | D:6      | 6102 ||| READING scroll labelled NIMPEICS IMNI.
  6215 | D:6      | 6215 ||| FLEEEEING.
  6216 | D:6      | 6216 ||| STAIRDANCE
  6290 | D:5      | 6290 ||| DROPPING +1 cloak.
  6291 | D:5      | 6291 ||| READING scroll labelled WOLEOFRACSAY.
  6613 | D:6      | 6613 ||| READING 6 scrolls of identify.
  6613 | D:6      | 6613 ||| IDENTIFYING dark potion
  6628 | D:7      | 6628 ||| PLANNING OSSUARY
  6638 | D:7      | 6638 ||| Stepping ~*~*~tactically~*~*~ (hiding).
  6677 | D:7      | 6677 ||| FLEEEEING.
  6683 | D:7      | Reached skill level 10 in Axes
  6702 | D:7      | 6702 ||| Stepping ~*~*~tactically~*~*~ (stealth).
  6709 | D:7      | 6709 ||| Stepping ~*~*~tactically~*~*~ (stealth).
  6783 | D:7      | Found a sand-covered staircase.
  6784 | D:7      | 6784 ||| READING 5 scrolls of identify.
  6784 | D:7      | 6784 ||| IDENTIFYING metallic ruby potion
  6785 | D:7      | 6785 ||| DROPPING potion of lignification.
  6788 | Ossuary  | Entered an ossuary
  6818 | Ossuary  | 6818 ||| Stepping ~*~*~tactically~*~*~ (stealth).
  6868 | Ossuary  | 6868 ||| Stepping ~*~*~tactically~*~*~ (stealth).
  6871 | Ossuary  | 6871 ||| Stepping ~*~*~tactically~*~*~ (stealth).
  6874 | Ossuary  | 6874 ||| Stepping ~*~*~tactically~*~*~ (stealth).
  7018 | Ossuary  | 7018 ||| Stepping ~*~*~tactically~*~*~ (stealth).
  7026 | Ossuary  | 7026 ||| Stepping ~*~*~tactically~*~*~ (stealth).
  7079 | Ossuary  | 7079 ||| READING 2 scrolls labelled YQAMIA WIZACOT.
  7080 | Ossuary  | 7080 ||| DRINKING 3 fuming silvery potions.
  7081 | Ossuary  | 7081 ||| DROPPING 2 potions of brilliance.
  7082 | Ossuary  | 7082 ||| DROPPING scroll of vulnerability.
  7095 | D:7      | 7095 ||| PLANNING D:1-11
  7154 | D:7      | Found an opulent altar of Gozag.
  7188 | D:7      | Reached XP level 9. HP: 40/54 MP: 13/13
  7306 | D:7      | Reached skill level 3 in Dodging
  7367 | D:7      | Found a radiant altar of Vehumet.
  7383 | D:7      | Found a staircase to the Ecumenical Temple.
  7384 | D:7      | 7384 ||| PLANNING TEMPLE
  7389 | Temple   | Entered the Ecumenical Temple
  7389 | Temple   | Found a transporter.
  7389 | Temple   | Found a transporter.
  7391 | Temple   | Found a transporter.
  7391 | Temple   | Found a transporter.
  7401 | Temple   | 7401 ||| PLANNING D:1-11
  7501 | D:7      | HP: 13/54 [killer bee (7)]
  7502 | D:7      | 7502 ||| READING 3 scrolls of teleportation.
  7503 | D:7      | HP: 4/54 [poisoned by a killer bee]
  7504 | D:7      | HP: 1/54 [poisoned by a killer bee]
  7505 | D:7      | 7505 ||| DRINKING 4 potions of curing.
  7505 | D:7      | 7505 ||| (to cure poison)
  7803 | D:7      | 7803 ||| Stepping ~*~*~tactically~*~*~ (stealth).
  7978 | D:7      | Reached skill level 11 in Axes
  8112 | D:7      | 8112 ||| Stepping ~*~*~tactically~*~*~ (hiding).
  8236 | D:7      | 8236 ||| READING 4 scrolls of identify.
  8236 | D:7      | 8236 ||| IDENTIFYING yellow potion
  8290 | D:8      | Identified the +2 halberd of the Scorned {freeze, rPois
                  | rCorr}
  8378 | D:8      | 8378 ||| Stepping ~*~*~tactically~*~*~ (hiding).
  8394 | D:8      | 8394 ||| FLEEEEING.
  8396 | D:8      | 8396 ||| FLEEEEING.
  8397 | D:8      | 8397 ||| FLEEEEING.
  8398 | D:8      | 8398 ||| FLEEEEING.
  8399 | D:8      | 8399 ||| FLEEEEING.
  8400 | D:8      | 8400 ||| FLEEEEING.
  8401 | D:8      | 8401 ||| FLEEEEING.
  8402 | D:8      | 8402 ||| FLEEEEING.
  8403 | D:8      | 8403 ||| FLEEEEING.
  8404 | D:8      | 8404 ||| FLEEEEING.
  8405 | D:8      | 8405 ||| FLEEEEING.
  8406 | D:8      | 8406 ||| FLEEEEING.
  8408 | D:8      | 8408 ||| FLEEEEING.
  8464 | D:8      | Found a bloodstained altar of Trog.
  8466 | D:8      | Found a broken altar of Ashenzari.
  8559 | D:8      | Found a snail-covered altar of Cheibriados.
  8559 | D:8      | Found a shadowy altar of Dithmenos.
  8562 | D:8      | Found a shimmering altar of Xom.
  8592 | D:8      | Found a sacrificial altar of Ru.
  8602 | D:8      | Noticed an orange demon
  8603 | D:8      | Noticed Amaemon
  8609 | D:8      | HP: 7/54 [Amaemon/-1 demon whip of venom (7)]
  8609 | D:8      | HP: 1/54 [orange demon[Amaemon] (6)]
  8610 | D:8      | 8610 ||| READING 3 scrolls of teleportation.
  8610 | D:8      | Slain by Amaemon

Levels and vault maps discovered:
D:1:      spicycebolla_arrival_clurvy, layout_basic, minmay_tetromino_o4
D:2:      layout_basic
D:3:      layout_basic, grunt_qazlal_clouds, biasface_ghost_orc_armoury,
          dreamdust_ecumenical_altar_drowned_temple,
          ebering_dispersal_statue_hall, minivault_25, uniq_natasha,
          uniq_sigmund
D:4:      layout_basic, serial_shops, nicolae_inconvenience_store,
          portal_sewer_entry_e, dreamdust_princess_corridor, minmay_pentangle
D:5:      layout_cave_pools, nemelex_spade_bored_becter
D:6:      layout_loops_ring, corexii_shack, minmay_misc_feat_room,
          nicolae_shop_sticking_my_neck_out
D:7:      layout_basic, lemuel_tele_altar,
          nicolae_gozag_cash_rules_everything_around_me,
          minmay_temple_entry_gardened_gates, enter_ossuary_1, enter_bailey_3
D:8:      layout_loops_ring, led_sif_book, mainiacjoe_overflow_cross_hatched,
          marbit_many_paths, jmf_multi_god_temple, mainiacjoe_overflow_alcove_1,
          nicolae_overflow_hidden_temple, uniq_amaemon
Temple:   hellmonk_temple_divided_pantheon

Skill      XL: |  1  2  3  4  5  6  7  8  9 |
---------------+----------------------------+-----
Axes           | 3 4 5 6 7 8 10 11 | 11.4
Armour         | 2 3 4 |  4.2
Fighting       | 3 5 |  5.1
Throwing       | 2 |  2.7
Dodging        | 3 |  3.7
Spellcasting   | |  2.0
Translocations | |  2.4

Action                   |  1- 3 |  4- 6 |  7- 9 || total
-------------------------+-------+-------+-------++-------
Melee: Hand axe          |    55 |   150 |    51 ||   256
       Kick              |    13 |    32 |    50 ||    95
       Peck              |    11 |    24 |    33 ||    68
       War axe           |       |       |   134 ||   134
       Punch             |       |       |     1 ||     1
Throw: Boomerang         |     7 |    15 |    26 ||    48
       Javelin           |    18 |    39 |    57 ||   114
  Use: Scroll            |     3 |     7 |     8 ||    18
       Potion            |       |     6 |     4 ||    10
 Stab: Distracted        |     1 |       |       ||     1
Armor: Leather armour    |    27 |    18 |       ||    45
       Chain mail        |       |    41 |   105 ||   146
Dodge: Dodged            |    40 |    53 |    76 ||   169

Table legend:
 A = Non-vault XP
 B = Vault XP
 C = Vault XP percentage of total XP
 D = Non-vault monster count
 E = Vault monster count
 F = Vault count percentage of total count
                 A         B        C        D         E       F
            +---------+---------+-------+---------+---------+-------
      Total |    2875 |     785 |  21.4 |     130 |      74 |  36.3
            +---------+---------+-------+---------+---------+-------
        D:1 |      24 |       6 |  20.0 |      12 |       4 |  25.0
        D:2 |     116 |       0 |   0.0 |      28 |       0 |   0.0
        D:3 |     131 |      38 |  22.5 |      11 |       2 |  15.4
        D:4 |     133 |     250 |  65.3 |      15 |      19 |  55.9
        D:5 |     505 |       0 |   0.0 |      13 |       0 |   0.0
        D:6 |     574 |       2 |   0.3 |      13 |       1 |   7.1
        D:7 |    1236 |       8 |   0.6 |      27 |       4 |  12.9
        D:8 |     156 |     283 |  64.5 |      11 |       2 |  15.4
      Sewer |       0 |      38 | 100.0 |       0 |       3 | 100.0
    Ossuary |       0 |     160 | 100.0 |       0 |      39 | 100.0
            +---------+---------+-------+---------+---------+-------
